 Dungeon Crawl Stone Soup version 0.18.1-8-gdd0e5ea (webtiles) character file.

116 Quirk the Skirmisher (level 4, 0/35 HPs)
             Began as a Demonspawn Gladiator on May 24, 2016.
             Slain by Natasha (1 damage)
             ... on level 3 of the Dungeon.
             The game lasted 00:03:47 (1853 turns).

Quirk the Skirmisher (Demonspawn Gladiator)         Turns: 1853, Time: 00:03:48

Health: 0/35       AC:  6    Str: 15    XL:     4   Next: 69%
Magic:  4/4        EV: 13    Int: 10    God:
Gold:   86         SH:  0    Dex: 14    Spells: 0 memorised, 3 levels left

rFire  + . .     SeeInvis .     a - +0 war axe
rCold  . . .     Gourm    .     l - +2 leather armour {rN+}
rNeg   + . .     Faith    .     (no shield)
rPois  .         Spirit   .     c - +0 helmet
rElec  .         Dismiss  .     (no cloak)
rCorr  .         Reflect  .     (no gloves)
SustAt .         Harm     .     (no boots)
MR     .....                    (no amulet)
Stlth  +.........               (no ring)
                                m - ring of protection from fire (curse)

@: not resistant to hostile enchantments, very unstealthy
A: claws 1
a: no special abilities


You were on level 3 of the Dungeon.
You were not hungry.

You visited 1 branch of the dungeon, and saw 3 of its levels.

You collected 86 gold pieces.

Inventory:

Hand Weapons
 a - a +0 war axe (weapon)
Missiles
 d - 3 throwing nets (quivered)
Armour
 c - a +0 helmet (worn)
 l - a +2 leather armour of positive energy (worn)
Jewellery
 m - a cursed ring of protection from fire (left claw)
Scrolls
 b - a scroll of identify {unknown}
 e - a scroll of fear {unknown}
 g - a scroll of teleportation {unknown}
 n - 2 scrolls of random uselessness {unknown}
Comestibles
 f - 2 bread rations
 h - 4 meat rations
 j - a royal jelly
 k - a beef jerky
 o - 4 chunks of flesh


   Skills:
 * Level 3.5 Fighting
 + Level 3.3 Axes
 - Level 1.7 Throwing
 + Level 1.4 Armour
 + Level 3.2 Dodging


You had 3 spell levels left.
You didn't know any spells.

Dungeon Overview and Level Annotations

Branches:
Dungeon (3/15)

Altars:

Annotations:
D:3 Natasha


Innate Abilities, Weirdness & Mutations

You have sharp fingernails.


Message History

Natasha is heavily wounded.
You hit the shadow imp.
The shadow imp is lightly wounded.
You barely miss the crimson imp. Natasha claws you.
* * * LOW HITPOINT WARNING * * *
The crimson imp closely misses you. The shadow imp barely misses you.
You completely miss Natasha.
Natasha is heavily wounded.
You completely miss the crimson imp. You hit the shadow imp.
The shadow imp is moderately wounded.
Natasha claws you but does no damage.
The crimson imp blinks!
The shadow imp hits you but does no damage.
The shadow imp closely misses you. Natasha claws you.
* * * LOW HITPOINT WARNING * * *
You closely miss Natasha.
Natasha is heavily wounded.
You closely miss the shadow imp.
The shadow imp is moderately wounded.
Natasha claws you.
You die...

#.###<# ##.# #.# #.># #.#
#. #.## #)## #.. #># #..##
#..# ###.# ##..# ##..##
#...# ##.###......
#.####.########.......#
#......5@h..5......######
######...ยง.##............
#...................
#.#########..####### #.#
...# ..# .##.. .### #. ###
.# . #. ##


You could see Natasha, a crimson imp and a shadow imp.

Vanquished Creatures
  Terence (D:2)
  Natasha (D:3)
  A worm (D:3)
  A dart slug (D:2)
  2 giant geckos
  An orc (D:3)
  2 ball pythons (D:2)
  3 bats
  3 giant cockroaches
  9 goblins
  9 hobgoblins
  4 jackals (D:3)
  2 quokkas
  2 giant newts (D:1)
  3 kobolds
  8 rats
52 creatures vanquished.

Notes
Turn   | Place    | Note
--------------------------------------------------------------
     0 | D:1      | Quirk the Demonspawn Gladiator began the quest for the Orb.
     0 | D:1      | Reached XP level 1. HP: 16/16 MP: 1/1
    73 | D:1      | Gained mutation: You have sharp fingernails. [demonic ancestry]
    73 | D:1      | Reached XP level 2. HP: 10/22 MP: 2/2
   763 | D:1      | Reached XP level 3. HP: 28/28 MP: 3/3
  1027 | D:2      | Reached skill level 1 in Armour
  1407 | D:2      | Noticed Terence
  1416 | D:2      | Killed Terence
  1416 | D:2      | Reached XP level 4. HP: 34/35 MP: 4/4
  1764 | D:3      | Noticed Natasha
  1782 | D:3      | Killed Natasha
  1840 | D:3      | Noticed Natasha
  1852 | D:3      | HP: 1/35 [Natasha (1)]
  1853 | D:3      | Slain by Natasha

Skill      XL: |  1  2  3 |
---------------+----------+-----
Armour         | 1 |  1.4
Axes           | 3 |  3.3
Dodging        | 3 |  3.2
Fighting       | 3 |  3.5
Throwing       | |  1.7

Action                   |  1- 3 |  4- 6 || total
-------------------------+-------+-------++-------
Melee: War axe           |   115 |    55 ||   170
  Use: Potion            |       |     2 ||     2
 Stab: Sleeping          |       |     2 ||     2
  Eat: Chunk             |     1 |     2 ||     3
Armor: Leather armour    |    38 |    20 ||    58
Dodge: Dodged            |    74 |    35 ||   109
